cohdb
Replays
Latest Replays
All Replays
Popular Replays
Top Player Replays
Match Explorer
How It Works
Community
CoH3 Stats
Reddit
Sign in to upload your games and track your stats! →
Sign in with Steam
Match 47252494
Unlisted
Match 47252494
Overview
Messages
Build Orders
End
Construct Infanterie Kompanie
MG 42 Machine Gun Team
Grenadier Squad
Grenadier Squad
Construct Luftwaffe Kompanie
Jäger Squad
Selects Breakthrough Battlegroup
Selects Assault Grenadiers
Selects Smoke Bombing Run
Selects Mechanized Assault Group
Mechanized Assault Group
Construct Panzer Kompanie
Selects 2.5-tonne Cargo Truck
2.5-tonne Cargo Truck
Panzer IV Medium Tank
Selects Blitzkrieg
Mechanized Assault Group
Pioneer Squad
Panzer IV Medium Tank
Mechanized Assault Group
Panzer IV Medium Tank
Side Skirts
Blitzkrieg
Selects Tiger Heavy Tank
Smoke Bombing Run
Tiger Heavy Tank
Mechanized Assault Group
Forrgit
MrSnooze
Mellow Elf
Potato Elf
Bl00d_Ang3l
Maniax
0megon
JVM
0
0
Comments
sign in to comment!
No comments posted yet!